 Dungeon Crawl Stone Soup version 0.24.0-124-g2791043dd8 (webtiles) character file.

Game seed: 6396929601312219000, levelgen mode: deterministic

24 eccles the Digger (level 3, 0/19 HPs)
             Began as a Gargoyle Earth Elementalist on Feb 14, 2020.
             Killed from afar by Sigmund (10 damage)
             ... with a magic dart
             ... on level 2 of the Dungeon.
             The game lasted 00:06:53 (901 turns).

eccles the Digger (Gargoyle Earth Elementalist)      Turns: 901, Time: 00:06:54

Health: 0/19       AC:  6    Str: 11    XL:     3   Next: 2%
Magic:  6/6        EV: 12    Int: 16    God:
Gold:   112        SH:  0    Dex: 10    Spells: 5/6 levels left

rFire    . . .     SeeInvis .   b - +0 hunting sling
rCold    . . .     Gourm    .   (no shield)
rNeg     + . .     Faith    .   c - +0 robe
rPois    ∞         Spirit   .   (no helmet)
rElec    +         Reflect  .   (no cloak)
rCorr    .         Harm     .   q - +0 pair of gloves
MR       .....                  (no boots)
Stlth    ++........             (no amulet)
HPRegen  0.06/turn              (no ring)
MPRegen  0.10/turn              (no ring)

@: no status effects
A: negative energy resistance 1, electricity resistance, unbreathing,
petrification resistance, rot immunity, AC +3
a: no special abilities


You were on level 2 of the Dungeon.
You were not hungry.

You visited 1 branch of the dungeon, and saw 2 of its levels.

You collected 112 gold pieces.

Inventory:

Hand Weapons
 a - a +0 short sword
 b - a +0 hunting sling (weapon)
Missiles
 h - 83 stones
 i - 17 poisoned darts
 n - 15 arrows
 r - 11 sling bullets (quivered)
Armour
 c - a +0 robe (worn)
 q - a +0 pair of gloves (worn)
Jewellery
 p - a +5 ring of dexterity {unknown}
Scrolls
 e - a scroll of immolation {unknown}
 f - a scroll of remove curse {unknown}
 j - a scroll of blinking {unknown}
 k - a scroll of amnesia {unknown}
 o - a scroll of noise {unknown}
Potions
 g - 3 potions of curing {unknown}
 m - a potion of cancellation {unknown}
Comestibles
 d - 4 rations
 l - 2 chunks of flesh


   Skills:
 * Level 0.1 Short Blades
 + Level 1.6 Dodging
 + Level 2.2 Stealth
 + Level 2.4 Spellcasting
   Level 0.7 Transmutations
 * Level 4.3 Earth Magic


You had 5 spell levels left.
You knew the following spells:

 Your Spells              Type           Power        Failure   Level  Hunger
a - Sandblast             Erth           ###...       3%          1    #......

Your spell library contained the following spells:

 Spells                   Type           Power        Failure   Level  Hunger
 Passwall                 Tmut/Erth      ##......     11%         2    ###....
 Stone Arrow              Conj/Erth      #.....       24%         3    ###....
 Petrify                  Tmut/Erth      ##......     56%         4    #####..
 Lee's Rapid Deconstruct  Erth           ###.......   67%         5    ######.


Dungeon Overview and Level Annotations

Branches:
Dungeon (2/15)

Altars:
Fedhas

Annotations:
D:2 Sigmund


Innate Abilities, Weirdness & Mutations

You are resistant to torment.
Your stone body is resilient. (AC +3)
You are immune to poison.
You resist negative energy. (rN+)
You are resistant to electric shocks. (rElec)
You can survive without breathing.
You are immune to petrification.
You are immune to rotting.


Message History

You are confused.
Found a stone staircase leading down.
The kobold shouts!
The kobold throws a stone.
The stone closely misses you.
Firing (i - inventory. (/) - cycle)
r - 12 sling bullets (quivered)
Press: ? - help, Shift-Dir - straight line, f - Sigmund
Aim: Sigmund, wielding a -1 scythe and wearing a +0 robe You shoot a sling bullet.
Sigmund hits you with a cursed -1 scythe.
You're too confused to move!
Sigmund barely misses you.
The kobold throws a stone.
The stone hits you but does no damage.
You see here a stone.
You feel less confused.
Sigmund points at you and mumbles some strange words.
The magic dart hits you.
Unknown command.
Sigmund gestures at you while chanting. The magic dart hits you!
Ouch! That really hurt!
You die...

.....#####..<.......#
.....#...#..........#
.........+..........#
.≈≈≈.....#..........#
≈≈≈≈≈≈...#################
≈≈≈≈≈≈≈.........##...?....
≈≈≈≈≈≈≈≈.....##.##........
≈P..≈≈≈≈....[##.##......>.
.PPPP≈≈≈≈....##.@.@K......
<._P>≈≈≈≈....##.........#
PP.P.≈≈≈≈....##.........#
≈♣.P≈≈≈≈.....##.(.........
≈≈≈≈≈≈≈≈.....##.........##
≈≈≈≈≈≈≈......##.......$.#
≈≈≈≈≈≈....#####...(.......
.≈≈≈......# ######+###.#
.....##...# #


You could see Sigmund and a kobold.

Vanquished Creatures
  2 dart slugs (D:2)
  A worm (D:2)
  2 bats (D:1)
  2 giant cockroaches (D:1)
  3 kobolds (D:1)
  A ball python (D:1)
  2 goblins (D:1)
  5 rats (D:1)
18 creatures vanquished.

Notes
Turn   | Place    | Note
-------+----------+-------------------------------------------
     0 | D:1      | eccles the Gargoyle Earth Elementalist began the quest for
                  | the Orb.
     0 | D:1      | Reached XP level 1. HP: 10/10 MP: 3/3
   226 | D:1      | Reached skill level 4 in Earth Magic
   226 | D:1      | Reached XP level 2. HP: 15/15 MP: 0/5
   793 | D:2      | Reached XP level 3. HP: 17/19 MP: 1/6
   816 | D:2      | Found a blossoming altar of Fedhas.
   893 | D:2      | Noticed Sigmund
   901 | D:2      | Killed from afar by Sigmund

Levels and vault maps discovered:
D:1:      saegor_arrival_simple_c, layout_basic
D:2:      layout_basic, fedhas_ov_isle_minmay, uniq_sigmund

Skill      XL: |  1 |
---------------+----+-----
Earth Magic    | 4 |  4.3
Short Blades   | |  0.1
Dodging        | |  1.6
Stealth        | |  2.2
Spellcasting   | |  2.4
Transmutations | |  0.7

Action                   || total
-------------------------++-------
Melee: Unarmed           ||     1
       Short sword       ||     3
 Fire: Hunting sling     ||     1
Throw: Dart              ||     6
 Cast: Sandblast         ||    20
Armor: Robe              ||     4
Dodge: Dodged            ||     7
